 Dungeon Crawl Stone Soup version 0.19-a0-1697-g0595f0e (webtiles) character file.

131 st0uf the Skirmisher (level 4, -7/37 HPs)
             Began as a Demonspawn Fighter on Sept 26, 2016.
             Killed from afar by an orc wizard (12 damage)
             ... with a puff of flame
             ... on level 4 of the Dungeon.
             The game lasted 00:05:33 (1469 turns).

st0uf the Skirmisher (Demonspawn Fighter)           Turns: 1469, Time: 00:05:34

Health: -7/37      AC:  7    Str: 17    XL:     4   Next: 91%
Magic:  4/4        EV: 10    Int: 10    God:
Gold:   105        SH:  0    Dex: 15    Spells: 0 memorised, 3 levels left

rFire  . . .     SeeInvis .     a - +0 war axe
rCold  . . .     Gourm    .     b - +0 scale mail
rNeg   . . .     Faith    .     (no shield)
rPois  +         Spirit   .     (helmet restricted)
rElec  .         Dismiss  .     (no cloak)
rCorr  .         Reflect  .     (no gloves)
MR     .....     Harm     .     (no boots)
Stlth  ..........               (no amulet)
                                m - +3 ring of dexterity
                                l - ring of poison resistance (curse)

@: no status effects
A: horns 1
a: no special abilities


You were on level 4 of the Dungeon.
You were not hungry.

You visited 1 branch of the dungeon, and saw 4 of its levels.

You collected 105 gold pieces.

Inventory:

Hand Weapons
 a - a +0 war axe (weapon)
Armour
 b - a +0 scale mail (worn)
Jewellery
 l - a cursed ring of poison resistance (left hand)
 m - a +3 ring of dexterity (right hand)
Scrolls
 e - 3 scrolls of identify {unknown}
 h - 2 scrolls of remove curse {unknown}
 i - a scroll of magic mapping {unknown}
 o - a scroll of recharging {unknown}
Potions
 c - a potion of brilliance {unknown}
 d - a potion of might
 g - a potion of heal wounds
 n - a potion of curing {unknown}
Comestibles
 f - 3 bread rations
 j - a beef jerky
 k - 2 slices of pizza


   Skills:
 * Level 4.0 Fighting
 * Level 3.1 Axes
 + Level 3.2 Armour
 + Level 1.2 Dodging
   Level 2.6 Shields


You had 3 spell levels left.
You didn't know any spells.

Dungeon Overview and Level Annotations

Branches:
Dungeon (4/15)
 Temple: D:4-7

Altars:
Trog


Innate Abilities, Weirdness & Mutations

You have a pair of small horns on your head.


Message History

You closely miss the orc priest.
The orc priest is heavily wounded.
You hit the orc wizard.
The orc wizard gestures at you while chanting.
The puff of flame misses you.
The orc priest hits you but does no damage.
The orc wizard hits you but does no damage.
You barely miss the orc priest. Your headbutt misses the orc priest.
The orc priest is heavily wounded.
You barely miss the orc wizard.
The orc priest hits you but does no damage.
The orc wizard hits you but does no damage.
Unknown command.
You closely miss the orc priest.
The orc priest is heavily wounded.
You barely miss the orc wizard.
The orc priest miscasts a cantrip.
The orc wizard gestures at you while chanting.
The puff of flame hits you!
You die...

. #.##...# .
##.##...#### _... .
#..........# ...# .
#..##...##.# ...# #
#.###...##.# ..# #
#.##.###...##.#####.%#
#.##..o...#...##.....#.#
o.....###.#............#
.o....###.)@o.######.###
o.....o.#.##o## #.#
..o.. #)).##.# #.# ...o
#.####)# #.# %o..
#.o...)# #.# #.######
#.# #.# #.# ..# #.#
#.##.# ####.#


You could see an orc priest and an orc wizard.

Vanquished Creatures
  2 orc wizards (D:4)
  A worker ant (D:4)
  An adder (D:4)
  2 dart slugs (D:1)
  8 orcs
  2 giant cockroaches (D:1)
  A goblin (D:3)
  3 hobgoblins (D:1)
  3 jackals (D:3)
  A quokka (D:3)
  3 ball pythons (D:1)
  2 bats
  3 frilled lizards
  A kobold (D:3)
  A rat (D:1)
34 creatures vanquished.

Notes
Turn   | Place    | Note
-------+----------+-------------------------------------------
     0 | D:1      | st0uf the Demonspawn Fighter began the quest for the Orb.
     0 | D:1      | Reached XP level 1. HP: 18/18 MP: 1/1
   298 | D:1      | Gained mutation: You have a pair of small horns on your head. [demonic ancestry]
   298 | D:1      | Reached XP level 2. HP: 16/24 MP: 2/2
   830 | D:3      | Reached XP level 3. HP: 29/29 MP: 3/3
  1263 | D:4      | Reached skill level 1 in Dodging
  1263 | D:4      | Reached XP level 4. HP: 21/37 MP: 4/4
  1391 | D:4      | Found a bloodstained altar of Trog.
  1428 | D:4      | Reached skill level 4 in Fighting
  1469 | D:4      | Killed from afar by an orc wizard

Vault maps used:
D:1:      wheals_arrival_linesprint
D:2:      minmay_door_path, gammafunk_temple_overflow_wave, old_standard_altar,
          minmay_rat_hole
D:3:      lemuel_coloured_pillars_altar, minitemple, first_bread,
          minmay_gold_behind_fungi
D:4:      grunt_ministairs_2, trog_butcher_becter

Skill      XL: |  1  2  3  4 |
---------------+-------------+-----
Axes           | 2 3 |  3.1
Armour         | 3 |  3.2
Dodging        | 1 |  1.2
Fighting       | 4 |  4.0
Shields        | |  2.6

Action                   |  1- 3 |  4- 6 || total
-------------------------+-------+-------++-------
Melee: War axe           |    74 |    36 ||   110
       Headbutt          |     6 |     5 ||    11
  Use: Potion            |     1 |       ||     1
  Eat: Chunk             |       |     2 ||     2
Armor: Scale mail        |    33 |    17 ||    50
Dodge: Dodged            |    39 |    19 ||    58
